SAAA
ALLOWAY HALBERDS @ HIALEAH DODOS
09/04/2022
 
TOP OF THE 1ST
Alloway Halberds batting - Pitching for Hialeah Dodos : RHP Joseph Reed
Pitching: RHP Joseph Reed
Batting: LHB Ramón Rivera 0-0: Foul Ball, location: 2F
0-1: Ball
1-1: Ball
2-1: Foul Ball, location: 2F
2-2: Foul Ball, location: 2F
2-2: Ball
3-2: Foul Ball, location: 2F
3-2: Fly out, F7 (Line Drive, 7M)
Batting: RHB Tracy Larson 0-0: Ball
1-0: Called Strike
1-1: Ball
2-1: Swinging Strike
2-2: Ground out U3 (Groundball, 3S)
Batting: RHB Dave Ash 0-0: Called Strike
0-1: Fly out, F9 (Flyball, 9M)
Top of the 1st over - 0 run(s), 0 hit(s), 0 error(s), 0 left on base; Alloway 0 - Hialeah 0
BOTTOM OF THE 1ST
Hialeah Dodos batting - Pitching for Alloway Halberds : RHP Armando Delvalle
Pitching: RHP Armando Delvalle
Batting: RHB Alexis Smeddon 0-0: Called Strike
0-1: Foul Ball, location: 2F
0-2: Foul Ball, location: 2F
0-2: Ball
1-2: Foul Ball, location: 2F
1-2: Ball
2-2: Foul Ball, location: 2F
2-2: Strikes out looking
Batting: RHB David Nielsen 0-0: Ball
1-0: Ground out 6-3 (Groundball, 6)
Batting: LHB Alfonso Núñez 0-0: Called Strike
0-1: DOUBLE (Line Drive, 9LM)
Batting: LHB Álex Burgos 0-0: Ball
1-0: Foul Ball, location: 2F
1-1: Ground out U3 (Groundball, 3)
Bottom of the 1st over - 0 run(s), 1 hit(s), 0 error(s), 1 left on base; Alloway 0 - Hialeah 0
TOP OF THE 2ND
Alloway Halberds batting - Pitching for Hialeah Dodos : RHP Joseph Reed
Batting: RHB Stefano Gaddi 0-0: Ball
1-0: Fly out, F3 (Popup, 3F)
Batting: RHB Nam-sup Yi 0-0: Called Strike
0-1: Ground out 6-3 (Groundball, 6)
Batting: RHB Juan Martínez 0-0: Ground out 6-3 (Groundball, 6M)
Top of the 2nd over - 0 run(s), 0 hit(s), 0 error(s), 0 left on base; Alloway 0 - Hialeah 0
BOTTOM OF THE 2ND
Hialeah Dodos batting - Pitching for Alloway Halberds : RHP Armando Delvalle
Batting: RHB Lorenzo Ramírez 0-0: SINGLE (Groundball, 34D)
Batting: LHB Alberto Enríquez 0-0: Foul Ball, location: 2F
0-1: Ball
1-1: Called Strike
1-2: Foul Ball, location: 2F
1-2: SINGLE (Groundball, 34D) (infield hit)
Lorenzo Ramírez to second
Batting: RHB Ji-chol Yang 0-0: Called Strike
0-1: Ball
1-1: Foul Ball, location: 2F
1-2: Ball
2-2: Foul Ball, location: 2F
2-2: Ball
3-2: Fly out, F9 (Flyball, 9D)
Runner from 2nd tags up, SAFE at 3rd, no throw
Batting: RHB Mitch Jensen 0-0: Ball
1-0: Called Strike
1-1: Fly out, F7 (Flyball, 78M)
Runner from 3rd tags up, SCORES, throw made
Batting: RHB Pedro Longoria 0-0: Ball
1-0: Ball
2-0: Ball
3-0: Base on Balls
Alberto Enríquez to second
Batting: RHB Alexis Smeddon 0-0: Called Strike
0-1: Foul Ball, location: 2F
0-2: Foul Ball, location: 2F
0-2: Foul Ball, location: 2F
0-2: Foul Ball, location: 2F
0-2: Ball
1-2: Ball
2-2: Ground out 4-3 (Groundball, 4)
Bottom of the 2nd over - 1 run(s), 2 hit(s), 0 error(s), 2 left on base; Alloway 0 - Hialeah 1
TOP OF THE 3RD
Alloway Halberds batting - Pitching for Hialeah Dodos : RHP Joseph Reed
Batting: SHB Ron Peterson 0-0: Ball
1-0: Ball
2-0: Ball
3-0: Base on Balls
Batting: LHB Mark Crawford 0-0: Foul Ball, location: 2F
0-1: Called Strike
0-2: SINGLE (Groundball, 4M)
Ron Peterson to second
Batting: RHB Maurice Wiebe 0-0: Ball
1-0: Called Strike
1-1: Called Strike
1-2: Foul Ball, location: 2F
1-2: Foul Ball, location: 2F
1-2: Grounds into double play, 6-4-3 (Groundball, 6)
Ron Peterson to third
Batting: LHB Ramón Rivera 0-0: Called Strike
0-1: Foul Ball, location: 2F
0-2: Fly out, F7 (Flyball, 7M)
Top of the 3rd over - 0 run(s), 1 hit(s), 0 error(s), 1 left on base; Alloway 0 - Hialeah 1
BOTTOM OF THE 3RD
Hialeah Dodos batting - Pitching for Alloway Halberds : RHP Armando Delvalle
Batting: RHB David Nielsen 0-0: Ball
1-0: Fly out, F8 (Flyball, 8RS)
Batting: LHB Alfonso Núñez 0-0: Ball
1-0: Foul Ball, location: 2F
1-1: Foul Ball, location: 2F
1-2: Ball
2-2: SINGLE (Groundball, 34S)
Batting: LHB Álex Burgos 0-0: Foul Ball, location: 2F
0-1: Ball
1-1: Fly out, F5 (Popup, 5SF)
Batting: RHB Lorenzo Ramírez 0-0: Ball
1-0: Called Strike
1-1: Called Strike
1-2: Ball
Alfonso Núñez is caught stealing 2nd base
Bottom of the 3rd over - 0 run(s), 1 hit(s), 0 error(s), 0 left on base; Alloway 0 - Hialeah 1
TOP OF THE 4TH
Alloway Halberds batting - Pitching for Hialeah Dodos : RHP Joseph Reed
Batting: RHB Tracy Larson 0-0: Foul Ball, location: 2F
0-1: Ball
1-1: Ball
2-1: Foul Ball, location: 2F
2-2: Fly out, F8 (Flyball, 8RS)
Batting: RHB Dave Ash 0-0: Ball
1-0: Swinging Strike
1-1: Ball
2-1: Foul Ball, location: 2F
2-2: Ball
3-2: Strikes out swinging
Batting: RHB Stefano Gaddi 0-0: Called Strike
0-1: Ball
1-1: Foul Ball, location: 2F
1-2: Foul Ball, location: 2F
1-2: Ball
2-2: Strikes out swinging
Top of the 4th over - 0 run(s), 0 hit(s), 0 error(s), 0 left on base; Alloway 0 - Hialeah 1
BOTTOM OF THE 4TH
Hialeah Dodos batting - Pitching for Alloway Halberds : RHP Armando Delvalle
Batting: RHB Lorenzo Ramírez 0-0: Ball
1-0: Ball
2-0: Swinging Strike
2-1: Swinging Strike
2-2: Strikes out swinging
Batting: LHB Alberto Enríquez 0-0: Swinging Strike
0-1: Ball
1-1: Called Strike
1-2: Ball
2-2: Foul Ball, location: 2F
2-2: Ball
3-2: Fly out, F6 (Line Drive, 6M)
Batting: RHB Ji-chol Yang 0-0: Ball
1-0: Foul Ball, location: 2F
1-1: Called Strike
1-2: Strikes out swinging
Bottom of the 4th over - 0 run(s), 0 hit(s), 0 error(s), 0 left on base; Alloway 0 - Hialeah 1
TOP OF THE 5TH
Alloway Halberds batting - Pitching for Hialeah Dodos : RHP Joseph Reed
Batting: RHB Nam-sup Yi 0-0: Called Strike
0-1: Ball
1-1: Foul Ball, location: 2F
1-2: Ground out 6-3 (Groundball, 6M)
Batting: RHB Juan Martínez 0-0: SINGLE (Flyball, 9S)
Batting: SHB Ron Peterson 0-0: Called Strike
0-1: Foul Ball, location: 2F
0-2: Ball
1-2: Foul Ball, location: 2F
1-2: Ball
2-2: Ball
3-2: Foul Ball, location: 2F
3-2: Strikes out looking
Batting: LHB Mark Crawford 0-0: Called Strike
0-1: Ground out 4-3 (Groundball, 4)
Top of the 5th over - 0 run(s), 1 hit(s), 0 error(s), 1 left on base; Alloway 0 - Hialeah 1
BOTTOM OF THE 5TH
Hialeah Dodos batting - Pitching for Alloway Halberds : RHP Armando Delvalle
Batting: RHB Mitch Jensen 0-0: Foul Ball, location: 2F
0-1: Ball
1-1: Foul Ball, location: 2F
1-2: Fly out, F8 (Line Drive, 8LM)
Batting: RHB Pedro Longoria 0-0: Ball
1-0: Ball
2-0: Called Strike
2-1: Called Strike
2-2: Foul Ball, location: 2F
2-2: Ball
3-2: Foul Ball, location: 2F
3-2: Base on Balls
Batting: RHB Alexis Smeddon 0-0: Ball
1-0: Ball
2-0: Called Strike
2-1: Foul Ball, location: 2F
2-2: Strikes out swinging
Pitching: RHP Manuel Reyes
Batting: RHB David Nielsen 0-0: Ball
Pedro Longoria steals 2nd base
1-0: Called Strike
1-1: Called Strike
1-2: Ball
2-2: Fly out, F3 (Popup, 3F)
Bottom of the 5th over - 0 run(s), 0 hit(s), 0 error(s), 1 left on base; Alloway 0 - Hialeah 1
TOP OF THE 6TH
Alloway Halberds batting - Pitching for Hialeah Dodos : RHP Joseph Reed
Batting: RHB Maurice Wiebe 0-0: Ground out 4-3 (Groundball, 4)
Batting: LHB Ramón Rivera 0-0: Called Strike
0-1: Ball
1-1: Fly out, F5 (Popup, 25)
Batting: RHB Tracy Larson 0-0: Ball
1-0: SINGLE (Line Drive, 56D)
Batting: RHB Dave Ash 0-0: Ball
Pickoff Throw to First - Out!
Top of the 6th over - 0 run(s), 1 hit(s), 0 error(s), 0 left on base; Alloway 0 - Hialeah 1
BOTTOM OF THE 6TH
Hialeah Dodos batting - Pitching for Alloway Halberds : RHP Manuel Reyes
Batting: LHB Alfonso Núñez 0-0: Foul Ball, location: 2F
0-1: Foul Ball, location: 2F
0-2: Ball
1-2: Ball
2-2: Fly out, F9 (Flyball, 89D)
Batting: LHB Álex Burgos 0-0: Swinging Strike
0-1: Foul Ball, location: 2F
0-2: Ball
1-2: Ground out U3 (Groundball, 3)
Batting: RHB Lorenzo Ramírez 0-0: Foul Ball, location: 2F
0-1: Swinging Strike
0-2: Strikes out swinging
Bottom of the 6th over - 0 run(s), 0 hit(s), 0 error(s), 0 left on base; Alloway 0 - Hialeah 1
TOP OF THE 7TH
Alloway Halberds batting - Pitching for Hialeah Dodos : RHP Joseph Reed
Batting: RHB Dave Ash 0-0: Ground out 4-3 (Groundball, 4)
Batting: RHB Stefano Gaddi 0-0: Ball
1-0: Called Strike
1-1: Foul Ball, location: 2F
1-2: Strikes out swinging
Batting: RHB Nam-sup Yi 0-0: Ball
1-0: Foul Ball, location: 2F
1-1: Ball
2-1: SINGLE (Line Drive, 56D)
Pinch Hitting: LHB Mario Ramos 0-0: Ball
1-0: Swinging Strike
1-1: Ball
2-1: Ball
3-1: Base on Balls
Nam-sup Yi to second
Pinch Hitting: RHB Will Hunter 0-0: Ball
1-0: Called Strike
1-1: Swinging Strike
1-2: Fly out, F8 (Flyball, 8RXD)
Top of the 7th over - 0 run(s), 1 hit(s), 0 error(s), 2 left on base; Alloway 0 - Hialeah 1
BOTTOM OF THE 7TH
Hialeah Dodos batting - Pitching for Alloway Halberds : RHP Manuel Reyes
Now at 3B: Will Hunter
Now in CF: Joaquín Rangel
Batting: LHB Alberto Enríquez 0-0: Ball
1-0: Foul Ball, location: 2F
1-1: Called Strike
1-2: Foul Ball, location: 2F
1-2: Ball
2-2: Foul Ball, location: 2F
2-2: Foul Ball, location: 2F
2-2: Strikes out swinging
Batting: RHB Ji-chol Yang 0-0: Called Strike
0-1: Called Strike
0-2: Foul Ball, location: 2F
0-2: SINGLE (Line Drive, 3D)
Batting: RHB Mitch Jensen 0-0: Ball
1-0: Foul Ball, location: 2F
1-1: Ball
2-1: Grounds into double play, 6-4-3 (Groundball, 6M)
Bottom of the 7th over - 0 run(s), 1 hit(s), 0 error(s), 0 left on base; Alloway 0 - Hialeah 1
TOP OF THE 8TH
Alloway Halberds batting - Pitching for Hialeah Dodos : RHP Joseph Reed
Batting: LHB Mark Crawford 0-0: Ball
1-0: Ball
2-0: Ground out 4-3 (Groundball, 34)
Batting: RHB Maurice Wiebe 0-0: Ball
1-0: Called Strike
1-1: Foul Ball, location: 2F
1-2: Foul Ball, location: 2F
1-2: Ball
2-2: Ground out 4-3 (Groundball, 4)
Batting: LHB Ramón Rivera 0-0: Called Strike
0-1: Swinging Strike
0-2: Ball
1-2: Foul Ball, location: 2F
1-2: Foul Ball, location: 2F
1-2: Foul Ball, location: 2F
1-2: Ball
2-2: Fly out, F9 (Flyball, 89M)
Top of the 8th over - 0 run(s), 0 hit(s), 0 error(s), 0 left on base; Alloway 0 - Hialeah 1
BOTTOM OF THE 8TH
Hialeah Dodos batting - Pitching for Alloway Halberds : RHP Manuel Reyes
Pitching: RHP Steve Terry
Batting: RHB Pedro Longoria 0-0: Swinging Strike
0-1: Swinging Strike
0-2: Ball
1-2: Foul Ball, location: 2F
1-2: Ball
2-2: Ball
3-2: Strikes out looking
Batting: RHB Alexis Smeddon 0-0: Ball
1-0: Foul Ball, location: 2F
1-1: Ball
2-1: TRIPLE (Line Drive, 7LM)
Batting: RHB David Nielsen 0-0: Swinging Strike
0-1: Squeeze Bunt - play home, runner scores, batter safe!
Alexis Smeddon scores
Batting: LHB Alfonso Núñez 0-0: Ball
1-0: Ball
2-0: Called Strike
2-1: Foul Ball, location: 2F
2-2: Foul Ball, location: 2F
2-2: Fly out, F8 (Flyball, 8RD)
Batting: LHB Álex Burgos 0-0: Ball
1-0: DOUBLE (Line Drive, 9LM)
David Nielsen to third
Batting: RHB Lorenzo Ramírez 0-0: Ground out 1-3 (Groundball, 2L)
Bottom of the 8th over - 1 run(s), 2 hit(s), 0 error(s), 2 left on base; Alloway 0 - Hialeah 2
TOP OF THE 9TH
Alloway Halberds batting - Pitching for Hialeah Dodos : RHP Joseph Reed
Pitching: LHP Fernando Castro
Now in CF: Vern Forrest
Batting: RHB Tracy Larson 0-0: Ball
1-0: Foul Ball, location: 2F
1-1: Foul Ball, location: 2F
1-2: Foul Ball, location: 2F
1-2: Ball
2-2: Foul Ball, location: 2F
2-2: Strikes out swinging
Batting: RHB Dave Ash 0-0: Ball
1-0: Called Strike
1-1: Foul Ball, location: 2F
1-2: Ball
2-2: Foul Ball, location: 2F
2-2: Fly out, F4 (Popup, 3D)
Batting: RHB Stefano Gaddi 0-0: Called Strike
0-1: Foul Ball, location: 2F
0-2: Ball
1-2: Ground out 6-3 (Groundball, 6)
Top of the 9th over - 0 run(s), 0 hit(s), 0 error(s), 0 left on base; Alloway 0 - Hialeah 2
This league is powered by Out of the Park Baseball, the baseball management simulation game for PC, Mac and Linux
Friday, April 15th, 2016 - OOTP Baseball 16.9 Build 39